 Dungeon Sprint DCSS version 0.20.1-1-g8b1a95d (webtiles) character file.

8 potatolord6000 the Skirmisher (level 2, -2/28 HPs)
             Began as a Draconian Fighter on Aug 28, 2017.
             Was an Initiate of Qazlal.
             Slain by a large abomination (23 damage)
             ... in the Dungeon (Sprint V: "Ziggurat Sprint").
             The game lasted 00:01:18 (131 turns).

potatolord6000 the Skirmisher (Draconian Fighter)    Turns: 131, Time: 00:01:19

Health: -2/28      AC:  4    Str: 35    XL:     2   Next: 0%
Magic:  5/5        EV: 13    Int:  8    God:    Qazlal [......]
Gold:   0          SH:  0    Dex: 10    Spells: 6/6 levels left

rFire    . . .     SeeInvis .   b - +2 sword of Power
rCold    . . .     Gourm    .   (shield currently unavailable)
rNeg     . . .     Faith    .   (armour unavailable)
rPois    .         Spirit   .   (helmet restricted)
rElec    .         Reflect  .   (no cloak)
rCorr    .         Harm     .   (no gloves)
MR       .....     NoTele   +   (no boots)
Stlth    +.........             (no amulet)
Regen    0.1/turn               n - +6 ring of strength
MPRegen  0.1/turn               o - +6 ring of strength

@: mighty, very slightly contaminated, hasted, invisible, very quick
A: unfitting armour, cold-blooded, AC +4
a: Renounce Religion


You were in the Dungeon.
You worshipped Qazlal.
Qazlal was noncommittal.
You were not hungry.

You visited 1 branch

Inventory:

Hand Weapons
 b - the +2 sword of Power (weapon)
   (You found it in the Dungeon)
Jewellery
 n - a +6 ring of strength (left hand)
 o - a +6 ring of strength (right hand)
Scrolls
 j - 4 scrolls of blinking
 l - 4 scrolls of amnesia
 m - 3 scrolls of recharging
 p - 7 scrolls of fog
 q - a scroll of holy word
 r - 5 scrolls of identify
 s - 5 scrolls of remove curse
 t - 2 scrolls of fear
Potions
 c - 5 potions of might
 e - 10 potions of curing
 f - 10 potions of heal wounds
 g - 5 potions of haste
 h - 7 potions of magic
 i - 3 potions of berserk rage
 u - 2 potions of brilliance
 v - a potion of invisibility
 w - 4 potions of resistance
 z - 5 potions of agility
Comestibles
 a - 42 fruits
 d - 5 bread rations
 k - 4 meat rations


   Skills:
 + Level 4.8 Fighting
 + Level 3.7 Long Blades
 + Level 4.1 Dodging
   Level 3.0 Shields
 + Level 2.7 Spellcasting
 + Level 3.2 Invocations


You had 6 spell levels left.
You didn't know any spells.

Dungeon Overview and Level Annotations

Branches:
Dungeon (1/1)

Altars:
Ashenzari
Cheibriados
Dithmenos
Elyvilon
Fedhas
Gozag
Hepliaklqana
Kikubaaqudgha
Makhleb
Nemelex Xobeh
Okawaru
Qazlal
Ru
Sif Muna
Trog
Uskayaw
Vehumet
Xom
Yredelemnul
Zin
The Shining One
Beogh
Jiyva
Lugonu

Annotations:
D 1 transporter


Innate Abilities, Weirdness & Mutations

Your plain brown scales are hard. (AC +4)
You cannot fit into any form of body armour.
You are cold-blooded and may be slowed by cold attacks.


Message History

The large abomination hits you but does no damage.
The shadow imp hits you.
You catch the helpless large abomination completely off-guard!
You hit the large abomination but do no damage.
The large abomination is moderately damaged.
The large abomination closely misses you.
Unknown command.
You barely miss the large abomination.
You tail-slap the large abomination, but do no damage.
The large abomination is moderately damaged.
The shadow imp hits you.
The large abomination closely misses you.
The shadow imp hits you but does no damage.
Unknown command.
You barely miss the large abomination.
You tail-slap the large abomination, but do no damage.
The large abomination is moderately damaged.
The large abomination hits you!!
Ouch! That really hurt!
You die...

▓▓▓▓▓▓▓
▓.8©8.▓
▓.....▓
▓.}.}.▓
▓.....▓
▓.5X..▓
▓..@..▓
▓▓▓▓▓▓▓


You could see a large abomination and a shadow imp.

Vanquished Creatures (others)
  A spatial maelstrom (D)
  Grum (D)
  Crazy Yiuf (D)
3 creatures vanquished.

Notes
Turn   | Place    | Note
-------+----------+-------------------------------------------
     0 | D        | potatolord6000 the Draconian Fighter began the quest for the Orb.
     0 | D        | Reached XP level 1. HP: 19/19 MP: 1/1
     3 | D        | Killed Crazy Yiuf
     6 | D        | Found a blossoming altar of Fedhas.
     7 | D        | Found a transporter.
     7 | D        | Found a viscous altar of Jiyva.
     7 | D        | Found an ancient bone altar of Kikubaaqudgha.
     7 | D        | Found a hazy altar of Hepliaklqana.
     7 | D        | Found a corrupted altar of Lugonu.
     7 | D        | Found an opulent altar of Gozag.
     7 | D        | Found a burning altar of Makhleb.
     7 | D        | Killed Grum
    11 | D        | Found a stormy altar of Qazlal.
    11 | D        | Found an iron altar of Okawaru.
    11 | D        | Found a sacrificial altar of Ru.
    11 | D        | Found a sparkling altar of Nemelex Xobeh.
    11 | D        | Found a deep blue altar of Sif Muna.
    11 | D        | Found a bloodstained altar of Trog.
    17 | D        | Banished a spatial maelstrom
    44 | D        | Became a worshipper of Qazlal Stormbringer
    73 | D        | Reached XP level 2. HP: 28/28 MP: 1/5
   126 | D        | Entered arena 2.
   126 | D        | Noticed a large abomination
   126 | D        | Found a transporter.
   131 | D        | Slain by a large abomination

Skill      XL: |  1 |
---------------+----+-----
Fighting       | 4 |  4.8
Long Blades    | 3 |  3.7
Dodging        | 4 |  4.1
Spellcasting   | 2 |  2.7
Invocations    | 3 |  3.2
Shields        | |  3.0

Action                   || total
-------------------------++-------
Melee: Great sword       ||     4
       Tailslap          ||     2
  Use: Potion            ||     4
 Stab: Invisible         ||     2
Armor: Skin              ||     2
Dodge: Dodged            ||     2
